 BcadrenCrawl: Boulder Brew version 0.03.3.1-19-g2523139174 (webtiles) character file.

Game seed: 2491520723259761237, levelgen mode: deterministic

4591 Chiseanne the Nimble (level 10, 0/37 HPs) Goblin Demonspawn. Began on Mar 15, 2021. Was an Initiate of Gozag Ym Sagoz. Slain by a killer bee (3 damage) ... on level 5 of the Dungeon. The game lasted 00:22:17 (4859 turns).

Chiseanne the Nimble (Goblin Demonspawn)            Turns: 4859, Time: 00:22:17

Health: 0/37       AC:  0    Str:  8    XL:     10 ^: 1200
Magic:  10/10      EV: 17    Int:  6    God:    Gozag Ym Sagoz
Gold:   826        SH:  0    Dex:  6    Spells: 10/11 levels left

rFire    + . .     Vision   .   (weapon currently unavailable)
rCold    + + .     Gourm    .   (weapon currently unavailable)
rNeg     . . .     Faith    .   (armour currently unavailable)
rPois    +         Spirit   .   (helmet currently unavailable)
rElec    +         Reflect  .   (cloak currently unavailable)
rCorr    +         Harm     .   (gloves unavailable)
MR       .....                  (boots currently unavailable)
Stlth    ++++......             e - amulet of chaos
HPRegen  0.22/turn              (ring currently unavailable)
MPRegen  0.20/turn              (ring currently unavailable)

@: pig-form, resistant, gold aura, very quick
A: small, stagnant stats, goblin's greed, low mp 1, mutation resistance 1,
nightstalker 2, god's pity 2
a: Potion Petition, Call Merchant, Bribe Branch, Renounce Religion


You were on level 5 of the Dungeon.
You worshipped Gozag Ym Sagoz.
Gozag Ym Sagoz was pleased with you.
You were not hungry.
You were a filthy swine.
You visited 2 branches of the dungeon, and saw 6 of its levels.

You collected 753 gold pieces.
You paid 76 gold pieces to Gozag.

Inventory:

Weapons
 a - a cursed +1 short sword of venom (melded) {(Curse: MR-)}
 n - a +2 spear of molten steel
 s - a +2 dagger of venom (melded)
 t - a cursed +1 long sword of freezing {(Curse: *Slow)}
 w - a +1 hunting sling
 x - a +2 scimitar
Armour
 f - a +0 cloak (melded)
 l - a +0 scale mail (melded)
Jewellery
 b - a ring of evasion (melded)
 c - a cursed ring of intelligence {(Curse: -Vis)}
 e - an amulet of chaos (around neck)
 m - a ring of dexterity (melded)
 q - the cursed amulet of Voaleext {Acrobat Str+4 +Vis, (Curse: *Contam)}
   (You took it off a gnoll on level 3 of the Dungeon)

   [amulet of the acrobat]

   It helps you evade while moving and waiting.
   It affects your strength (+4).
   It improves your vision.
   It has a curse placed upon it.
   { (Curse: *Contam)}
 r - an uncursed amulet of guardian spirit
Wands
 g - a wand of polymorph (2)
 o - a wand of iceblast (12)
Scrolls
 k - a scroll of silence
 p - 2 scrolls of amnesia
Potions
 i - 6 potions of heal wounds
 j - 2 potions of mutation
 u - a potion of cancellation
 z - a potion of curing
Miscellaneous
 v - a lightning rod (4/4)
Comestibles
 d - 5 rations


   Skills:
 * Level 9.0 Fighting
 * Level 9.4 Short Blades
 * Level 8.9 Armour
 * Level 9.8 Dodging
 - Level 2.6 Stealth
 - Level 1.3 Spellcasting
 - Level 2.6 Fire Magic
   Level 4.0 Invocations


You had 10 spell levels left.
You knew the following spells:

 Your Spells              Type           Power        Failure   Level  Hunger
a - Lick                  Fire           3 (30)       14%         1    ##.....

Your spell library contained the following spells:

 Spells                   Type           Power        Failure   Level  Hunger
 Random Cloud             Fire           3 (100)      41%         3    ####...
 Blink                    Tloc           N/A          54%         2    ###....
 Call Imp                 Summ           0 (100)      54%         2    ###....
 Slow                     Hex            0 (100)      54%         2    ###....
 Chaotic Cloudburst       Pois/Air       0 (100)      78%         3    ####...


Dungeon Overview and Level Annotations

Branches:
Dungeon (5/8)              Temple (1/1) D:4
   Lair: D:5

Altars:
Dithmenos
Fedhas Madash
Gozag Ym Sagoz
Nemelex Xobeh
Qazlal
Sif Muna
Xom

Annotations:
D:3 1 runed translucent door, exclusion: scorpion, t4s4d4r's ghost, novice KoNo
D:4 exclusion: door


Innate Abilities, Weirdness & Mutations

Your stats never grow through leveling.
Your goblin ancestry allows you to find more gold. (+20%)
You are small and have problems with some larger weapons.
((You have claws for hands. (+6 Unarmed)))
((You are mostly covered in iridescent scales. (AC +4)))
Your magical capacity is low. (-10% MP)
You are somewhat resistant to further mutation.
You are significantly more attuned to the shadows.
The pity of the gods increases the power of your passive and invoked divine abilities.


Message History

You hit Maggie but do no damage. You hit Maggie (1).
Something barely misses you (0).
An orc wizard comes into view.
The killer bee stings you (9)!
You hit Maggie (3). You hit Maggie but do no damage.
Maggie zaps a wand.
The killer bee stings you (1).
You cannot move away from Maggie!
Unknown command.
Maggie blocks your attack. x2; Something barely misses you (0).
The killer bee misses you (0).
You hit Maggie (2). You hit Maggie (6).
You are no longer entranced.
You kill Maggie!
Your Fighting skill increases to level 9!
The orc priest mumbles some strange prayers to Beogh against you.
Beogh smites you!
* * * LOW HITPOINT WARNING * * *
The orc closely misses you (0). The killer bee stings you (3).
You die...
Your body crumbles into a pile of gold.

......#
.....####
....#..#
......# #
#$$.o###
###.#<)o....
#.....h#.##.#
#....y${....#
#..###..$o#..
#.. +..⌠.⌠..
#. #o.._...
...⌠.⌠..
....<....


You could see a killer bee, 2 orc priests, an orc wizard and an orc.

Vanquished Creatures
  Maggie (D:5)
  A troll (D:4)
  5 yaks (D:4)
  An orc warrior (D:4)
  A necrophage (D:4)
  A water moccasin (D:4)
  2 porcupines (D:4)
  4 scorpions (D:3)
  A sky beast (D:4)
  An ice beast (D:4)
  2 ogres
  3 big kobolds
  A gnoll sergeant (D:4)
  2 bullfrogs (D:4)
  A howler monkey (D:4)
  5 wights (D:4)
  4 killer bees
  A crimson imp (D:4)
  2 orc priests (D:3)
  3 hounds (D:4)
  5 jellies
  4 orc wizards
  A mummy (D:4)
  Natasha (D:2)
  2 iguanas (D:4)
  2 worker ants
  2 wyvern skeletons (D:4)
  4 giant cockroaches
  2 porcupine skeletons (D:4)
  3 bullfrog skeletons (D:4)
  5 adders
  7 gnolls
  40 sewer rats
  A white imp (D:3)
  4 cinder newts
  An ooze (D:2)
  2 howler monkey skeletons (D:4)
  2 dart slugs (D:1)
  A leopard gecko (D:4)
  10 orcs
  4 adder skeletons
  A ball python (D:2)
  3 bats
  13 goblins (D:1)
  7 hobgoblins (D:1)
  3 quokkas
  A bat skeleton (D:2)
  16 kobolds
  2 leopard gecko skeletons
  A leopard gecko zombie (D:3)
  2 quokka skeletons (D:4)
  5 rats
  4 withered plants (D:2)
203 creatures vanquished.

Vanquished Creatures (others)
  An ogre (D:4)
  Natasha (D:2)
  A sewer rat (D:2)
  A kobold skeleton (D:2)
  A butterfly (D:4)
  A slimehead (D:2)
  157 withered plants (D:2)
163 creatures vanquished.

Grand Total: 366 creatures vanquished

Notes
Turn   | Place    | Note
-------+----------+-------------------------------------------
     0 | D:1      | Chiseanne the Goblin Demonspawn began the quest for the
                  | Orb.
     0 | D:1      | Reached XP level 1. HP: 13/13 MP: 2/2
    51 | D:1      | Gained mutation: You are partially covered in iridescent
                  | scales. (AC +2) [demonic ancestry]
    51 | D:1      | Reached XP level 2. HP: 19/19 MP: 3/3
    88 | D:1      | Reached skill level 1 in Armour
    88 | D:1      | Reached XP level 3. HP: 24/24 MP: 4/4
   257 | D:1      | Gained mutation: You are mostly covered in iridescent
                  | scales. (AC +4) [demonic ancestry]
   257 | D:1      | Reached XP level 4. HP: 27/30 MP: 5/5
  1105 | D:1      | Gained mutation: You have sharp fingernails. (+2 Unarmed)
                  | [demonic ancestry]
  1105 | D:1      | Reached XP level 5. HP: 31/36 MP: 6/6
  1329 | D:1      | Reached skill level 5 in Dodging
  1392 | D:2      | Gained mutation: You are slightly more attuned to the
                  | shadows. [demonic ancestry]
  1392 | D:2      | Reached XP level 6. HP: 41/42 MP: 7/7
  1406 | D:2      | Found a stormy altar of Qazlal.
  1745 | D:2      | Gained mutation: You are significantly more attuned to the
                  | shadows. [demonic ancestry]
  1745 | D:2      | Reached XP level 7. HP: 48/48 MP: 8/8
  1785 | D:2      | Killed Natasha
  2009 | D:2      | Reached skill level 5 in Short Blades
  2194 | D:2      | Noticed Natasha
  2206 | D:2      | Killed Natasha
  2215 | D:3      | Noticed t4s4d4r's ghost (novice KoNo)
  2238 | D:3      | Reached skill level 5 in Fighting
  2238 | D:3      | Gained mutation: You have very sharp fingernails. (+4
                  | Unarmed) [demonic ancestry]
  2238 | D:3      | Reached XP level 8. HP: 43/55 MP: 8/8
  2341 | D:3      | Identified the cursed amulet of Voaleext {Acrobat Str+4
                  | +Vis, (Curse: *Contam)}
  2394 | D:3      | Found a shadowy altar of Dithmenos.
  2441 | D:2      | Reached skill level 5 in Armour
  2704 | D:3      | Found a runed translucent door.
  2912 | D:3      | Gained mutation: You have claws for hands. (+6 Unarmed)
                  | [demonic ancestry]
  2912 | D:3      | Reached XP level 9. HP: 60/63 MP: 9/9
  3331 | D:4      | Found a staircase to the Ecumenical Temple.
  3359 | Temple   | Entered the Ecumenical Temple
  3397 | Temple   | Became a worshipper of Gozag Ym Sagoz the Greedy
  4016 | D:4      | Reached XP level 10. HP: 72/72 MP: 10/10
  4287 | D:5      | Entered Level 5 of the Dungeon
  4287 | D:5      | Found a sparkling altar of Nemelex Xobeh.
  4636 | D:5      | Noticed Maggie
  4859 | D:5      | Killed Maggie
  4859 | D:5      | Slain by a killer bee

Levels and vault maps discovered:
D:1:      psy_arrival_heroes, layout_basic, minmay_goblin_outpost
D:2:      layout_sewer, grunt_qazlal_sundering, grunt_temple_overflow_open,
          first_ration, uniq_natasha
D:3:      ossuary_crypta, layout_rooms, basic_altar, ebering_ghost_sewer_d
D:4:      layout_roguey, minmay_temple_entry_butterflies,
          nicolae_ossuary_entry_catacombs
D:5:      hangedman_cross_cluster, layout_loops_cross,
          nemelex_xobeh_ov_fountains_minmay, serial_shops, kennysheep_mini_moat,
          shop, enter_bailey_2, hangedman_pestilent_swarm,
          kennysheep_small_square, uniq_maggie, uniq_psyche
Temple:   eino_narrow_crystal_temple

Skill      XL: |  1  2  3  4  5  6  7  8  9 10 |
---------------+-------------------------------+-----
Fighting       | 2 3 4 5 6 7 9 |  9.0
Short Blades   | 3 4 5 6 8 9 |  9.4
Armour         | 1 2 3 4 6 7 8 |  8.9
Dodging        | 5 6 7 8 9 |  9.8
Stealth        | |  2.6
Spellcasting   | |  1.3
Fire Magic     | |  2.6
Invocations    | |  4.0

Action                   |  1- 3 |  4- 6 |  7- 9 | 10-12 || total
-------------------------+-------+-------+-------+-------++-------
Melee: Rapier            |    27 |   122 |   163 |       ||   312
       Unarmed           |    13 |     7 |       |    16 ||    36
       Dagger            |       |   204 |    16 |    80 ||   300
       Short sword       |       |    45 |   214 |    89 ||   348
       Spear             |       |       |    50 |       ||    50
 Fire: Hunting sling     |       |   213 |    18 |    12 ||   243
  Use: Potion            |       |       |     3 |     1 ||     4
       Scroll            |       |       |     2 |     1 ||     3
 Stab: Sleeping          |     2 |     1 |     9 |     2 ||    14
       Invisible         |       |       |     1 |       ||     1
  Eat: Chunk             |       |     2 |     5 |       ||     7
       Ration            |       |       |     3 |       ||     3
Armor: Leather armour    |     5 |     9 |       |       ||    14
       Scale mail        |       |    40 |    63 |    25 ||   128
       Skin              |       |       |       |     1 ||     1
Dodge: Dodged            |    16 |   437 |   264 |   108 ||   825
